[Event "French-ch U12-U14 2024"]
[Site "Agen"]
[Date "2024.04.21"]
[Round "9.9"]
[White "Deladerriere, Helio"]
[Black "Duquesne, Adrien"]
[Result "1/2-1/2"]
[ECO "C50"]
[WhiteElo "1823"]
[BlackElo "2145"]
[Annotator "TA"]
[PlyCount "158"]
[EventDate "2024.04.14"]
[EventType "swiss"]
[EventCountry "FRA"]
[SourceTitle "playchess.com"]
[Source "ChessBase"]
[SourceQuality "1"]
[TimeControl "5400+30"]

1. e4 e5 2. Nf3 Nc6 3. Bc4 Be7 4. O-O Nf6 5. Nc3 d6 6. d4 exd4 7. Nxd4 Bd7 {[%emt 0:00:48] C50: Hungarian Defence and Giuoco Pianissimo.} 8. Be3 Ng4 9. Nxc6 bxc6 10. Bf4 Bf6 11. h3 $146 ({Predecessor:} 11. Qd2 O-O 12. Rad1 Ne5 13. Bxe5 Bxe5 14. f4 Bf6 15. e5 Be7 16. f5 d5 17. Bb3 {1-0 Haffner,A-Braun,M (2162) Kiel op 15th 2002 (8)}) 11... Ne5 12. Bxe5 dxe5 13. f4 Qe7 14. fxe5 Qxe5 15. Bxf7+ Ke7 16. Bb3 Bxh3 17. Rxf6 (17. gxh3 $2 Qg3+ 18. Kh1 Qxh3+ 19. Kg1 Rad8 $19) (17. Qe2 $11 Bd7 18. Rad1) 17... gxf6 $15 18. gxh3 Qg3+ 19. Kf1 Qxh3+ (19... Rag8 $1 $15 20. Bxg8 Rxg8) 20. Ke2 Qg2+ 21. Ke3 Qg3+ (21... Qg5+ $11 22. Ke2 Qg2+ 23. Ke3 Qg5+ 24. Kf3 Qh5+ 25. Kf2 Qh4+ 26. Ke3 Qh6+ 27. Kf2 Qh2+ 28. Ke3 Qh6+ 29. Ke2 Qh2+ 30. Ke3 Qh6+) 22. Qf3 $16 Qg5+ 23. Qf4 Qc5+ (23... Qxf4+ $142 24. Kxf4 h5) 24. Ke2 Qh5+ 25. Kf2 Qc5+ 26. Kf1 Rad8 $2 (26... Qe5 27. Qh6 Raf8) 27. Qxc7+ $2 (27. e5 $18 Rd4 28. Qxf6+ (28. exf6+ Kd8 $18) 28... Kd7 29. Be6+ (29. Qxh8 Rf4+ 30. Ke2 Qf2+ 31. Kd1 Rd4+ 32. Kc1 Qg1+) 29... Ke8 30. Qxh8+ Qf8+ 31. Qxf8+ Kxf8 32. Ke2) 27... Rd7 $16 {[%emt 0:03:07] [#]} 28. Nd5+ $2 (28. Qh2 $1 $16 {[%mdl 512] and life is bright.}) 28... Qxd5 $1 $19 (28... cxd5 $2 29. Qxc5+ Rd6 30. exd5 $18 (30. Bxd5 f5 $18)) 29. exd5 Rxc7 30. Re1+ Kd6 31. Re6+ Kc5 32. Rxf6 cxd5 33. Rf5 Rd8 34. c4 Rd6 35. cxd5 Re7 36. Rf4 Rdd7 37. Rh4 Rf7+ 38. Ke2 Rde7+ 39. Kd3 Rf3+ 40. Kd2 Rf2+ 41. Kd3 Ref7 (41... Rxb2 42. Rc4+ Kxd5 (42... Kd6 43. Rc6+ Kd7 44. Rf6 $17) 43. Rc2+ Rxb3+ 44. axb3 $11) ({Black should play} 41... Rf5 $19 42. Rh2 Rf3+ 43. Kd2 Ref7) 42. Rc4+ $17 Kd6 $1 (42... Kxd5 $2 43. Rc7+ Kd6 44. Rxf7 $18) 43. Rc6+ Kd7 44. Ra6 Kd8 ({Of course not} 44... Rxb2 $6 45. Rxa7+ Ke8 46. Ra8+ Kd7 47. Kd4 $11) 45. Kd4 (45. Rd6+ $17 Rd7 46. Rc6) 45... R2f6 $19 46. d6 Rb7 47. Bd5 Rg7 ({Black should try} 47... Rxb2 $19 48. Bg8 h5 49. Rxa7 Rxd6+ 50. Ke5 Rd1) 48. Kc5 (48. Ke5 $17 Rf1 49. Bc4) 48... h5 (48... Rf2 $19 49. Bb3 Rxb2) 49. Ra3 $2 (49. Ra4 $1 $15) 49... Rf5 $2 (49... Rf1 $19 50. Be6 Rg5+ 51. Kc6 Rc1+ 52. Kb7 Rg6) 50. Kc6 {[%emt 0:01:21] [#]} (50. Rb3 $1 $11 Kc8 51. Kc6) 50... Rf1 ({Better is} 50... Rg1 $1 $17 {[%cal Rg1c1] aiming for ...Rc1+.} 51. Rc3 Rff1) 51. Bc4 $1 $11 Rc1 52. b3 $1 h4 53. Ra5 Rh7 54. Rg5 (54. Rf5 $5 Re1 $8 55. Rb5 $11) 54... Re1 $1 55. Rb5 (55. Bd3 $5 Rc1+ $8 56. Bc4 $11) 55... Kc8 56. Rg5 Re8 $2 (56... Kd8 $11) 57. Ba6+ $18 Kb8 58. Rb5+ Ka8 59. Bb7+ $2 (59. d7 $18 Re6+ 60. Kd5 Rxd7+ 61. Kxe6) 59... Kb8 $11 60. Ba6+ $2 (60. d7 $11 Rh6+ 61. Kc5 Re5+ 62. Kc4) 60... Ka8 $18 61. d7 Re6+ 62. Kc7 $2 (62. Kd5 $18 Rxd7+ 63. Kxe6) 62... Rxd7+ $1 $11 63. Kxd7 Rxa6 64. Rh5 (64. Kc7 $5 Rb6 65. Rh5 (65. Rxb6 axb6 66. Kxb6 h3 67. Kc5 h2 68. Kd5 h1=Q+ 69. Ke6 Qb1 70. b4 Qxa2+ 71. Kf5 Qb1+ 72. Kg4 Qxb4+ 73. Kg3 Kb7 74. Kf3 Qe1 75. Kf4 Kc6 76. Kg5 Kd6 77. Kf4 Ke6 78. Kg4 Qe3 79. Kh5 Qg3 80. Kh6 Kf6 81. Kh7 Qg7#) 65... Rb7+ 66. Kc6 $16) 64... Rxa2 65. Kc7 Rc2+ 66. Kd6 Rc3 67. Rxh4 Rxb3 68. Kc6 Rb8 69. Rh7 Rg8 70. Kb5 Rb8+ 71. Kc6 Rb6+ 72. Kc5 Rb1 73. Rh8+ Kb7 74. Rh6 Rc1+ 75. Kb5 a6+ 76. Kb4 Rc6 77. Rxc6 Kxc6 78. Ka5 Kd5 79. Kxa6 Ke5 1/2-1/2

[Event "French-ch U12-U14 2024"]
[Site "Agen"]
[Date "2024.04.21"]
[Round "9.10"]
[White "Lequang, Enzo"]
[Black "Le Geay, Joachim"]
[Result "0-1"]
[ECO "A45"]
[WhiteElo "1807"]
[BlackElo "1792"]
[Annotator "NA RC COMBH"]
[PlyCount "100"]
[EventDate "2024.04.14"]
[EventType "swiss"]
[EventCountry "FRA"]
[SourceTitle "playchess.com"]
[Source "ChessBase"]
[SourceQuality "1"]
[TimeControl "5400+30"]

1. d4 Nf6 2. Bg5 g6 3. Bxf6 exf6 4. c4 d5 5. Nc3 dxc4 6. e3 {[%emt 0:00:10] A45: Trompowsky Attack.} Bd6 7. Bxc4 c6 {[%emt 0:01:02] 7...Nd7 gains popularity.} 8. Nf3 Nd7 9. h4 h5 10. O-O $146 ({Predecessor:} 10. Qc2 Qe7 11. Bb3 Nb6 12. O-O-O Bg4 13. Kb1 a5 14. e4 Bb4 15. Na4 Nxa4 16. Bxa4 {0-1 Kashlinskaya,A (2494)-Papp,P (2336) Speed Chess (Women) Q8 blitz 2021 (2)}) 10... Nb6 11. Bd3 Bg4 12. e4 O-O 13. Be2 c5 14. dxc5 Bxc5 15. Qb3 Qe7 16. Rfe1 Rfd8 17. e5 fxe5 (17... Be6 $142 18. Qc2 Bf5) 18. Ng5 Bxe2 19. Rxe2 Rd7 20. Rae1 Bd4 21. Nb5 Qc5 22. Nxd4 exd4 23. Re8+ Rxe8 24. Rxe8+ Kg7 25. Qxf7+ $1 Rxf7 26. Ne6+ Kf6 27. Nxc5 Rc7 28. Ne4+ Kf7 29. Nd6+ Kf6 30. Re2 Rc1+ 31. Kh2 Nc4 32. Nxc4 Rxc4 33. Re4 Rc2 (33... Kf5 $5 34. f3 $8 a5 $11) 34. Rxd4 Rxb2 35. Ra4 a6 36. Kg3 Ke5 37. Kf3 Rc2 38. g3 Rc6 39. g4 b5 40. Re4+ Kd5 41. gxh5 gxh5 42. Re8 Rc3+ $15 43. Kg2 Rc2 44. Rd8+ Ke6 45. a4 bxa4 46. Rd4 Ra2 47. Rb4 Kf5 48. Kg3 Ke5 49. Rb6 Kd4 50. Kf3 Kc4 0-1

[Event "French-ch U12-U14 2024"]
[Site "Agen"]
[Date "2024.04.21"]
[Round "9.12"]
[White "Pereira Garza, Cecilia"]
[Black "Bernard, Ines"]
[Result "1/2-1/2"]
[ECO "A40"]
[WhiteElo "1725"]
[BlackElo "1981"]
[Annotator "TA"]
[PlyCount "136"]
[EventDate "2024.04.14"]
[EventType "swiss"]
[EventCountry "FRA"]
[SourceTitle "playchess.com"]
[Source "ChessBase"]
[SourceQuality "1"]
[TimeControl "5400+30"]

1. d4 e6 2. c4 b6 3. Nc3 Bb4 4. Nf3 Bb7 5. d5 Bxc3+ 6. bxc3 Nf6 {[%emt 0:03:00][%cal Re6d5] Inhibits e4.} 7. e4 Nxe4 8. Qd4 {[%emt 0:00:14] [#]} (8. Bd3 $142 Nc5 (8... exd5 9. cxd5 Bxd5 10. O-O $15) (8... Nxc3 9. Qc2 $16) 9. O-O) 8... Qf6 $1 $17 9. dxe6 (9. Bb2 Qxd4) 9... fxe6 10. Bb2 (10. Nd2 $142) 10... Nc5 11. Be2 Nc6 12. Qxf6 gxf6 13. Nd4 (13. Ba3 {keeps fighting.}) 13... Na4 14. Bh5+ Kd8 15. Ba3 (15. O-O-O $142) 15... Nxc3 $2 (15... Ne5 $19 {[%cal Oc7c5] Hoping for ...c5!} 16. Be2 Nxc3 (16... Bxg2 $2 17. Rg1 $19)) 16. Nxc6+ $1 $14 Bxc6 17. Bb2 Ne4 {[%emt 0:01:50] ...Rg8 would now be deadly.} (17... Bxg2 $2 18. Rg1 Bc6 19. Bxc3 $18) 18. f3 Rg8 19. fxe4 Rxg2 20. Bxf6+ Kc8 21. Bf3 Rc2 22. Be2 Bxe4 23. Rg1 Kb7 24. Rg7 d6 {[%emt 0:03:16] [#]} ({Black should try} 24... Rf8 $14 25. Bg5 Bf3) 25. Be7 (25. Rd1 $1 $18 {[%cal Rd1d6] is the precise move to win.} Kc6 26. Rd4) 25... d5 (25... Kc6 $16) 26. Kd1 $18 Rc3 27. Bf6 Ra3 28. Be5 $36 {[%emt 0:01:24][%mdl 2048] White is on the roll. A strong pair of Bishops.} Rc8 29. cxd5 exd5 (29... Ra5 {might work better.} 30. Bg3 Rxd5+ 31. Ke1 Rc5) 30. Rc1 Bd3 $2 (30... d4 31. Rgxc7+ (31. Bxd4 h5 $18) (31. Rcxc7+ Rxc7 32. Rxc7+ Ka8 $18) 31... Rxc7 32. Rxc7+ Ka8) 31. Rcxc7+ Rxc7 32. Rxc7+ Ka6 33. Bxd3+ Rxd3+ {[%emt 0:00:04][%mdl 4096] Endgame. KRB-KR} 34. Kc2 Re3 35. Bg3 h5 36. Rd7 h4 37. Bb8 Re8 38. Rxa7+ (38. Bxa7 Ra8 $16) 38... Kb5 39. Bf4 Re4 40. Rf7 Kc4 41. Bd2 {[%emt 0:00:47] Rf4 is the strong threat.} Kd4 $2 (41... Re2 42. Rf4+ d4 43. Rxh4 b5) 42. Rf4 h3 43. Rf3 (43. Bc1 $142 Rxf4 44. Bxf4) 43... Rh4 (43... Kc4 $142 44. Rc3+ (44. Rxh3 Re2 $18) 44... Kb4 45. Rxh3+ Kc4) 44. Rb3 (44. Rf4+ $142 Rxf4 45. Bxf4) 44... Kc5 45. a3 b5 46. Rb4 d4 47. Kd3 Rg4 48. Be3 Rg2 49. Bxd4+ Kc6 50. Rb2 Rg8 {[%emt 0:00:57] Prevents Rxg2} 51. Rc2+ Kd6 52. Rc5 Ra8 53. Rc3 Rg8 54. Rc1 Rg2 55. Ke4 Re2+ 56. Kf5 Kd5 57. Bg1 Rg2 58. Kf4 Ke6 59. Rb1 Kd6 60. Rxb5 Rxg1 {[%emt 0:00:05] KR-KR} 61. Rb3 Ra1 62. Rxh3 Ra2 63. Kg4 $2 (63. Rd3+ $18 Ke6 64. h4) 63... Rg2+ $2 ({Better is} 63... Ke5 $1 $14) 64. Kh4 $2 (64. Kf5 $18) 64... Ke5 $11 65. Kh5 Kf5 {[%emt 0:01:34] [#]} (65... Kf4 $1 $11 {remains equal.}) 66. Rf3+ ({White should play} 66. a4 $1 $16) 66... Ke4 {[%emt 0:00:16] The position is equal.} 67. Rb3 Rxh2+ 68. Kg4 Rg2+ {[%emt 0:00:11] Weighted Error Value: White=0.52/Black=0.62.  Loses game:     	---       	Black=1      Missed win:     	White=2     	Black=1      Mistake:       	White=6     	Black=6      Inaccurate:     	White=4     	Black=1      OK:         	White=15    	Black=11     Best:        	White=4     	Black=7      Strong:       	White=1     	---} 1/2-1/2

[Event "French-ch U12-U14 2024"]
[Site "Agen"]
[Date "2024.04.21"]
[Round "9.13"]
[White "Saci, Leila"]
[Black "Dubin, Lisa"]
[Result "0-1"]
[ECO "B07"]
[WhiteElo "1675"]
[BlackElo "1711"]
[Annotator "NA COMBH"]
[PlyCount "114"]
[EventDate "2024.04.14"]
[EventType "swiss"]
[EventCountry "FRA"]
[SourceTitle "playchess.com"]
[Source "ChessBase"]
[SourceQuality "1"]
[TimeControl "5400+30"]

1. e4 d6 2. d4 Nf6 3. Nc3 Nbd7 4. f4 e5 5. Nf3 exd4 6. Qxd4 c6 7. Bd2 Qb6 8. O-O-O Be7 9. h3 O-O 10. g4 Re8 11. Bg2 Bf8 12. Rhe1 Nc5 13. g5 Nfd7 14. Nh4 Nb3+ 15. cxb3 Qxd4 16. Be3 Qb4 17. Rd4 Qa5 18. Nf5 Qc7 19. Red1 d5 20. Kb1 dxe4 21. Bxe4 Nc5 22. Ng3 Nxe4 23. Ncxe4 Be6 24. f5 Bd5 25. Bf4 Qa5 26. Nc3 Rad8 27. R4d3 Bg2 28. a3 Rxd3 29. Rxd3 Qc5 30. Rd2 Re1+ 31. Ka2 Bd5 32. Nge2 Qf2 33. Bg3 Bxb3+ 34. Kxb3 Qb6+ 35. Ka2 Rf1 36. Nd4 Qc5 37. h4 Qc4+ 38. Nb3 Be7 39. Rd4 Qa6 40. Bc7 Kf8 41. Ra4 Qd3 42. Rxa7 Bd8 43. Ra8 Ke7 44. Bxd8+ Kd6 45. Bf6 Qxf5 46. Bxg7 Rf2 47. Bd4 Rg2 48. Bc5+ Kc7 49. Re8 Qc2 50. Na4 b5 51. Bb6+ Kd7 52. Rd8+ Ke7 53. Rd4 bxa4 54. Bc5+ Ke6 55. Rd6+ Ke5 56. Rd2 axb3+ 57. Ka1 Qc1# 0-1

[Event "French-ch U12-U14 2024"]
[Site "Agen"]
[Date "2024.04.21"]
[Round "9.14"]
[White "Hamdi, Anais"]
[Black "Fischler, Ines"]
[Result "0-1"]
[ECO "B13"]
[WhiteElo "1531"]
[BlackElo "1698"]
[Annotator "NA RC COMBH"]
[PlyCount "61"]
[EventDate "2024.04.14"]
[EventType "swiss"]
[EventCountry "FRA"]
[SourceTitle "playchess.com"]
[Source "ChessBase"]
[SourceQuality "1"]
[TimeControl "5400+30"]

1. e4 c6 2. d4 d5 3. exd5 cxd5 4. Bd3 Nc6 5. c3 Qc7 6. h3 Nf6 7. Nf3 e6 8. Bg5 Be7 9. O-O O-O 10. Re1 a6 11. Nbd2 b5 12. Ne5 Rb8 13. Qf3 Bb7 14. Qg3 Nh5 15. Qh4 Bxg5 16. Qxh5 h6 17. Ndf3 Bf6 18. g4 Qe7 19. h4 Bxe5 20. dxe5 f6 21. Qg6 f5 22. gxf5 Qf7 23. Qg3 exf5 24. Kh2 Qh5 25. Rg1 Qg4 26. e6 Rbe8 27. Qc7 Re7 28. Qd6 Qxf3 29. Rg3 Qxf2+ 30. Kh3 f4 31. Rag1 0-1

[Event "French-ch U12-U14 2024"]
[Site "Agen"]
[Date "2024.04.21"]
[Round "9.15"]
[White "Ricard-Codeverte, Emma"]
[Black "Ourry, Elina"]
[Result "0-1"]
[ECO "A25"]
[WhiteElo "1531"]
[BlackElo "1678"]
[Annotator "NA RC COMBH"]
[PlyCount "38"]
[EventDate "2024.04.14"]
[EventType "swiss"]
[EventCountry "FRA"]
[SourceTitle "playchess.com"]
[Source "ChessBase"]
[SourceQuality "1"]
[TimeControl "5400+30"]

1. c4 e5 2. Nc3 Nf6 3. g3 Nc6 4. Bg2 Bc5 5. e3 O-O 6. Nge2 Re8 7. O-O e4 8. d4 exd3 9. Qxd3 Ne5 10. Qc2 d6 11. Rd1 c6 12. Ne4 Bf5 13. Nxf6+ Qxf6 14. Qc3 Bg4 15. Qc2 Nf3+ 16. Kh1 Re5 17. Rf1 Rh5 18. h4 Rxh4+ 19. gxh4 Qxh4+ 0-1

[Event "French-ch U12-U14 2024"]
[Site "Agen"]
[Date "2024.04.21"]
[Round "9.17"]
[White "Plaidit, Hugo"]
[Black "Laignel, Quentin"]
[Result "0-1"]
[ECO "B12"]
[WhiteElo "1981"]
[BlackElo "2023"]
[Annotator "TA"]
[PlyCount "200"]
[EventDate "2024.04.14"]
[EventType "swiss"]
[EventCountry "FRA"]
[SourceTitle "playchess.com"]
[Source "ChessBase"]
[SourceQuality "1"]
[TimeControl "5400+30"]

1. e4 c6 2. d4 d5 3. e5 Bf5 4. Bd3 Bxd3 5. Qxd3 e6 6. c3 Qb6 {[%emt 0:10:00] B12: Caro-Kann: Advance Variation.} 7. Ne2 c5 {[%emt 0:04:33] 7...Qa6 is the modern continuation.} 8. O-O Nc6 9. Nd2 Nge7 10. Nf3 cxd4 11. cxd4 h5 12. Bg5 $146 ({Predecessor:} 12. a3 Nf5 13. Bd2 Be7 14. Ng3 Nfxd4 15. Nxd4 Qxd4 16. Qc2 Qxe5 17. Rfe1 Qc7 18. Re2 {1-0 Shlosberg,M (1592)-Schneider,P (1631) Mittelfranken-ch QT 49th 2000 (7)}) 12... Nf5 13. Rad1 Be7 14. Bc1 h4 15. g4 hxg3 16. fxg3 Nb4 17. Qb3 Qa6 18. Nc3 Nc6 19. Kg2 Qb6 20. Nb5 Qd8 21. g4 Nh4+ 22. Nxh4 Rxh4 23. Qf3 Kd7 24. Bf4 Qb6 25. a4 a6 26. Nd6 Bxd6 27. exd6 Rhh8 28. Bg3 Rhf8 29. g5 Qxb2+ 30. Rf2 Qb4 31. Qh5 g6 32. Qh7 Ke8 33. Rdf1 Nd8 34. Be5 b5 35. Bg7 Qxd6 36. Bxf8 Qxf8 37. Qh3 Qe7 (37... Rc8 $14) 38. Qg3 $2 (38. Qh8+ $18 Qf8 39. Qh7) 38... Rc8 $11 39. axb5 axb5 40. Ra1 b4 41. Rfa2 Rc3 42. Qf4 Qc7 43. Qxc7 Rxc7 44. Ra8 Rb7 45. Kf3 b3 46. Rb1 Ke7 47. Ra3 Nc6 48. Ke3 b2 49. Kd3 Rb4 50. Kc3 Rc4+ 51. Kxb2 Nxd4 52. Ra7+ Kf8 53. Ka2 $2 (53. Rf1 $11 Nf5 54. Rc1) 53... Nf3 $1 $19 54. Rh1 Rh4 (54... Nxg5 55. h4 Ne4 56. Kb3 $19) 55. Kb3 Nxg5 (55... Nxh2 56. Ra8+ Kg7 57. Ra2) 56. Kc3 d4+ 57. Kd3 e5 58. Ra5 Rh3+ 59. Kc4 Re3 60. h4 Ne6 61. h5 gxh5 62. Rxh5 Rc3+ 63. Kb4 e4 $2 (63... Nf4 $1 $19 64. Raxe5 Nd3+ 65. Kb5 Nxe5 66. Rxe5 Kg7) 64. Ra7 $2 (64. Rh8+ $11 {and White stays safe.} Kg7 65. Rh4) 64... Rf3 (64... e3 $142 65. Re5 Rc6) 65. Rh7 $2 (65. Re5) 65... Kg8 66. Rh1 Kg7 67. Kc4 Rf5 68. Re1 Rc5+ 69. Kb4 Re5 70. Rf1 Ng5 71. Kc4 e3 $2 (71... Nf3 $19 72. Rd7 Re6) 72. Kd3 $2 ({White has to play} 72. Kxd4 $15 e2 73. Raxf7+ Nxf7 74. Re1) 72... e2 $19 73. Re1 Ne6 74. Kd2 $2 (74. Ra2) 74... Nf4 $19 75. Ra4 Re4 76. Rb4 f5 77. Rb6 Re3 $2 ({Black should play} 77... Kf7 $1 $19 {And now ...Re6 would win.} 78. Rd6 Ke7) 78. Ra1 $2 (78. Rb4 $11) 78... Re7 79. Re1 Ra7 80. Rb2 Re7 $2 (80... d3 $19 81. Rc1 Kf6) 81. Rb4 $2 (81. Rb6 $1 $11 Ra7 82. Rb2) 81... Re4 82. Rb6 d3 $2 (82... Kf7 $1 $19 {...Re6 would now be deadly.} 83. Rb3 Kf6) 83. Rd6 $11 Ng2 84. Rxd3 $1 Nxe1 85. Kxe1 Kf6 (85... f4 $5 86. Rf3 $8 Kg6 $11) 86. Rf3 Ke5 87. Rf2 Re3 88. Rh2 $2 (88. Rxe2 $11 {and White has nothing to worry.} Kf4 (88... Rxe2+ {gets mated.} 89. Kxe2 Ke4 90. Kf2 Kf4 91. Kg2 Ke3 92. Kg1 Ke2 93. Kh2 f4 94. Kh3 f3 95. Kg4 f2 96. Kf5 Ke3 97. Kf6 Ke4 98. Ke7 f1=Q 99. Kd6 Qc1 100. Ke6 Qc6+ 101. Ke7 Kf5 102. Kd8 Qb7 103. Ke8 Ke6 104. Kf8 Qf7#) 89. Kf1 Rxe2 90. Kxe2 Kg3 91. Ke3 f4+ 92. Ke2 f3+ 93. Ke1 Kg2 94. Kd2 f2 95. Kc3 f1=Q (95... f1=B 96. Kd4 $11) 96. Kb4 Qf5 97. Kc4 Kf3 98. Kb4 Ke3 99. Kc4 Qa5 100. Kb3 Kd3 101. Kb2 Qb6+ 102. Ka2 Kc3 103. Ka3 Qb3#) 88... Kd4 $2 ({Black should try} 88... Kf4 $1 $19 {[%cal Rf4g3] ( -> ...Kg3)} 89. Rh8 Re4) 89. Rf2 $2 {[%emt 0:00:47][%mdl 8192] [#]} (89. Rh4+ $11 Ke5 90. Rh8) 89... Ke4 $1 90. Rh2 {[%emt 0:00:04] [#]} f4 $1 91. Rh8 Kf5 92. Rg8 Re5 93. Rf8+ Kg4 94. Rg8+ Kf3 95. Ra8 Re3 96. Rd8 Kg2 97. Rg8+ Rg3 98. Rf8 Kf3 99. Re8 Rg1+ 100. Kd2 Rd1+ 0-1

[Event "French-ch U12-U14 2024"]
[Site "Agen"]
[Date "2024.04.21"]
[Round "9.18"]
[White "Negre, Emilie"]
[Black "Pon Le Brun, Gregoire"]
[Result "1-0"]
[ECO "A25"]
[WhiteElo "1922"]
[BlackElo "1900"]
[Annotator "TA"]
[PlyCount "56"]
[EventDate "2024.04.14"]
[EventType "swiss"]
[EventCountry "FRA"]
[SourceTitle "playchess.com"]
[Source "ChessBase"]
[SourceQuality "1"]
[TimeControl "5400+30"]

1. c4 e5 2. g3 Nc6 3. Bg2 f5 4. Nc3 Nf6 5. e3 Bb4 6. Nge2 O-O 7. O-O Bxc3 8. Nxc3 d6 9. d4 Qe8 10. a3 Qf7 {[%emt 0:18:45] White is slightly better.} 11. d5 Ne7 12. b4 e4 13. Bb2 Ng6 14. Qe2 Ne5 15. Nb5 f4 16. exf4 $16 Bg4 17. Qc2 Nf3+ 18. Bxf3 Bxf3 19. Nd4 $1 {[%emt 0:01:10] White is more active.} Ng4 {[%emt 0:03:13] [#]} (19... Qh5 $16 {might work better.} 20. Nxf3 exf3) 20. Nxf3 $1 $18 exf3 21. Qc3 Rae8 22. h3 Nf6 23. Qxf3 Ne4 24. Rfe1 Qg6 25. Qd3 {[%emt 0:02:06] Prevents Nd2.} (25. Bd4 $18) 25... Rxf4 $14 26. Bd4 {[%emt 0:02:35][%cal Oa1a2] And now Ra2! would win.} Rh4 $1 27. Kh2 {[%emt 0:00:27] [#]} (27. Bxa7 b6 $11 (27... Rxh3 28. Bd4 $11) (27... Rxh3 28. Bd4 $17)) (27. Kg2 $14) 27... Qg4 $2 28. gxh4 $18 Qf5 {[%emt 0:01:02] Weighted Error Value: White=0.26 (precise) /Black=0.26 (precise) .  Loses game:     	---       	Black=1      Missed win:     	White=1     	---        Mistake:       	White=1     	Black=2      Inaccurate:     	White=2     	Black=1      OK:         	White=9     	Black=5      Best:        	White=3     	Black=2      Strong:       	White=1     	Black=1} 1-0

[Event "French-ch U12-U14 2024"]
[Site "Agen"]
[Date "2024.04.21"]
[Round "9.19"]
[White "Breuil, Virgile"]
[Black "Ben Amar, Yanis"]
[Result "1-0"]
[ECO "C45"]
[WhiteElo "2307"]
[BlackElo "1946"]
[Annotator "TA"]
[PlyCount "108"]
[EventDate "2024.04.14"]
[EventType "swiss"]
[EventCountry "FRA"]
[SourceTitle "playchess.com"]
[Source "ChessBase"]
[SourceQuality "1"]
[TimeControl "5400+30"]

1. e4 e5 2. Nf3 Nc6 3. d4 exd4 4. Nxd4 Nf6 5. Nxc6 bxc6 6. e5 Qe7 7. Qe2 Nd5 8. c4 Nb6 9. Nc3 a5 10. f4 d5 11. Qf3 Qe6 (11... Qh4+ $11 12. g3 Qg4 13. Qxg4 Bxg4) 12. Be3 {[%emt 0:07:27] And now Bxb6 would win. White is better.} Bb4 13. Be2 (13. cxd5 $14 Nxd5 14. Bc4) 13... Ba6 (13... Nxc4 $11 {keeps the balance.} 14. Bxc4 dxc4) 14. Bxb6 $16 cxb6 15. cxd5 Qxd5 16. Qxd5 cxd5 17. Bxa6 Rxa6 18. O-O-O Bxc3 19. bxc3 {[%emt 0:00:37][%mdl 4096] Endgame. KRR-KRR} Ke7 20. Rxd5 {[%emt 0:00:57] White is more active.} Rc8 21. Kb2 Ra7 22. Rhd1 Rac7 23. R1d3 f6 24. Re3 Rc6 25. g4 Ke6 26. Rb5 Rd8 27. exf6+ Kxf6 28. Rf5+ Kg6 29. h4 {[%emt 0:00:21] Hoping for h5+.} Rd2+ 30. Kb3 {[%emt 0:00:56] Strongly threatening h5+.} Rg2 31. Rg5+ $1 Kf6 32. a4 ({Better is} 32. Re4 $16) 32... g6 {[%emt 0:03:26] [#]} (32... Rg1 $14) 33. f5 $1 Rg1 34. Rf3 Kg7 35. h5 Kh6 {[%emt 0:05:55] [#]} (35... Rb1+ $16 36. Ka2 Rg1) 36. fxg6 $1 $18 hxg6 (36... Kxg5 $2 37. g7 Rc8 38. Rf8 $18) 37. Rxg6+ Rxg6 38. hxg6 Kxg6 $2 {[%emt 0:00:48] KR-KR} (38... Rxg4 39. Rf6 Rg1) 39. Rf5 $2 (39. Kc4 Kg5 40. Rf8) 39... Re1 $2 (39... Ra1 {was worth a try.} 40. Rd5 Kf6) 40. Rd5 $2 (40. Kc4 Ra1 41. Kb3) 40... Kf6 41. Kc4 Ra1 (41... Ke6 {was necessary.}) 42. Kb3 $2 (42. Kb5 $18) 42... Ke6 {[%emt 0:00:24] Wards off Rd6+} (42... Re1 $1 $11) 43. Rb5 ({White should try} 43. Rd4 $16) 43... Kd7 $1 $11 44. g5 {[%emt 0:00:43][%cal Oc3c4] Black should prevent c4!} (44. Rxb6 {leads to mate.} Rb1+ 45. Kc4 Rxb6 46. Kd5 Rg6 47. Kc5 Rg5+ (47... Rxg4 48. c4 Rg5+ 49. Kd4 Kc6 50. Kd3 Rg4 51. Kd2 Kc5 52. Ke3 Rxc4 53. Kf3 Rxa4 54. Ke2 Rd4 55. Kf2 a4 56. Kg3 a3 57. Kf3 a2 58. Kf2 a1=Q 59. Kg2 Qc3 60. Kg1 Rd2 61. Kh1 Qc1#) 48. Kd4 Rxg4+ 49. Kd5 Rxa4 50. c4 Rb4 51. Kd4 Kc6 52. Ke3 a4 (52... Rxc4 53. Kd3 Kb5 54. Ke3 a4 55. Ke2 a3 56. Kf3 a2 57. Ke3 a1=Q 58. Kd3 Qd1+ 59. Ke3 Qb3+ 60. Ke2 Rc2+ 61. Kf1 Qb1#) 53. Kf4 a3 (53... Rxc4+ 54. Ke5 Kc5 55. Kf6 a3 56. Kg5 a2 57. Kf5 a1=Q 58. Ke6 Rf4 59. Ke7 Qe5+ 60. Kd8 Rf8+ 61. Kd7 Qd6#) 54. Kg4 Rxc4+ 55. Kg5 a2 56. Kg6 a1=Q (56... a1=B 57. Kh5 Kd6 58. Kg6 Ke6 59. Kg5 Bf6+ 60. Kg6 Rg4+ 61. Kh5 Kf5 62. Kh6 Rh4#) 57. Kf5 Kd7 58. Kg6 Qg1+ 59. Kf5 Kd6 60. Kf6 Rf4#) 44... Kc6 45. Rf5 Rg1 46. Rf6+ Kc5 47. Rg6 {[%emt 0:05:34] Black must now prevent Rg8.} Rg4 $2 (47... Rg2 $11 {and Black is okay.}) 48. Rg8 $18 {[%emt 0:00:28] g6 is the strong threat.} Kc6 (48... Rg2 $1 $11) 49. Rg7 ({White has to play} 49. g6 $16) 49... Kd6 (49... Kc5 $11) 50. g6 $16 Kc6 51. Rg8 Kd7 52. g7 Kc7 $2 (52... Ke7 $18 53. Rb8 Rxg7 54. Rb7+ (54. Rxb6 Rg5 $16) 54... Kf8 55. Rxg7 (55. Rxb6 Rg2 $16) 55... Kxg7 56. Kc4 Kf6 57. Kb5 Ke5 58. Kxb6 Kd5 59. Kxa5 Kc6) 53. Ra8 Kb7 54. Rg8 $2 (54. g8=Q {mates} Rxg8 55. Rxg8 Kc6 56. Kc4 Kd6 57. Re8 Kd7 58. Re2 Kd6 59. Kb5 (59. Rd2+ Ke5 60. Kb5 Kf4 61. Kxb6 Kf3 62. Kxa5 Kg4 63. Kb6 Kf5)) 54... Kc7 {[%emt 0:00:30] Weighted Error Value: White=0.43/Black=0.70.  Loses game:     	---       	Black=1      Missed win:     	White=1     	---        Mistake:       	White=6     	Black=11     Inaccurate:     	White=1     	Black=1      OK:         	White=9     	Black=9      Best:        	White=7     	Black=3      Strong:       	White=3     	Black=1} 1-0